 Dungeon Crawl Stone Soup version 0.21.1-1-g345015fe64 (webtiles) character file.

43 kilk the Skirmisher (level 3, 0/31 HPs)
             Began as a Centaur Fighter on Apr 29, 2018.
             Succumbed to an adder's poison
             ... on level 3 of the Dungeon.
             The game lasted 00:22:23 (1853 turns).

kilk the Skirmisher (Centaur Fighter)               Turns: 1853, Time: 00:22:23

Health: 0/31       AC:  7    Str: 24    XL:     3   Next: 37%
Magic:  3/3        EV:  3    Int:  7    God:
Gold:   57         SH: 16    Dex:  8    Spells: 2/2 levels left

rFire    . . .     SeeInvis .   n - +0 dagger (curse)
rCold    . . .     Gourm    .   v - +0 large shield
rNeg     . . .     Faith    .   b - +0 scale mail
rPois    .         Spirit   .   r - +0 helmet
rElec    .         Reflect  +   (no cloak)
rCorr    .         Harm     .   (no gloves)
MR       .....                  (no barding)
Stlth    ..........             j - +3 amulet of reflection
HPRegen  0.10/turn              (no ring)
MPRegen  0.08/turn              (no ring)

@: mighty, lethally poisoned (0 -> -5), very quick
A: large, hooves 3, deformed body, speed 2, tough skin 3
a: no special abilities


You were on level 3 of the Dungeon.
You were not hungry.

You visited 1 branch of the dungeon, and saw 3 of its levels.

You collected 57 gold pieces.

Inventory:

Hand Weapons
 m - a +0 short sword
 n - a cursed +0 dagger (weapon)
 t - a +0 club
 w - a +0 flail
 x - a +0 spear
Armour
 b - a +0 scale mail (worn)
 c - a +0 shield
 l - a +0 ring mail
 o - a +0 ring mail
 p - a +0 ring mail
 r - a +0 helmet (worn)
 v - a +0 large shield (worn)
 y - a cursed +0 ring mail
 C - a +0 helmet
Jewellery
 e - an uncursed amulet of faith {unknown}
 j - a +3 amulet of reflection (around neck)
 q - an uncursed ring of wizardry {unknown}
 u - an uncursed amulet of rage {unknown}
 A - a cursed -5 ring of protection {unknown}
Scrolls
 a - a scroll of magic mapping {unknown}
 h - 2 scrolls of enchant armour {unknown}
 i - a scroll of enchant weapon {unknown}
 B - 2 scrolls of teleportation {unknown}
 D - a scroll of identify {unknown}
 E - a scroll of remove curse {unknown}
Potions
 d - a potion of might
 g - a potion of cancellation {unknown}
 k - a potion of invisibility {unknown}
 s - a potion of ambrosia {unknown}
 z - a potion of brilliance {unknown}
Comestibles
 f - 4 rations


   Skills:
 * Level 3.4 Fighting
 + Level 0.1 Short Blades
 + Level 2.1 Maces & Flails
 + Level 2.5 Armour
 + Level 0.3 Dodging
 + Level 2.4 Shields


You had 2 spell levels left.
You didn't know any spells.

Dungeon Overview and Level Annotations

Branches:
Dungeon (3/15)

Altars:


Innate Abilities, Weirdness & Mutations

You have hooves in place of feet.
Armour fits poorly on your strangely shaped body.
You cover ground very quickly.
You have extremely tough skin. (AC +3)


Message History

The adder bites you but does no damage. The gnoll hits you.
* * * LOW HITPOINT WARNING * * *
* * * LOW HITPOINT WARNING * * *
You feel sick. You block the adder's attack.
Found 13 gold pieces.
You closely miss the adder.
You kill the adder!
* * * LOW HITPOINT WARNING * * *
You feel sick. You block the gnoll's attack. x2
You hit the gnoll.
The gnoll is moderately wounded.
You block the gnoll's attack. The gnoll hits you but does no damage.
The gnoll hits you.
* * * LOW HITPOINT WARNING * * *
You block the gnoll's attack.
You hit the gnoll.
The gnoll is moderately wounded.
You block the gnoll's attack. x3; The gnoll hits you but does no damage.
You feel very mighty all of a sudden.
You die...

.. ... #### ....
#########..
...####......##.# ####
....#........#.####...
$ #............#....##
....##..g.......<..####
#......@g.r$....##..g.#
....##..gg.#.#..#..##.#
. #............## g.
##....#.#..### .
#..........#
......(.....#
.............#
#...........(#


You could see 4 gnolls and a rat.

Vanquished Creatures
  An adder (D:3)
  A worm (D:2)
  2 dart slugs
  A leopard gecko (D:1)
  A giant cockroach (D:2)
  2 goblins (D:2)
  3 hobgoblins
  A ball python (D:2)
  5 bats
  4 frilled lizards
  2 kobolds
  5 rats
28 creatures vanquished.

Notes
Turn   | Place    | Note
-------+----------+-------------------------------------------
     0 | D:1      | kilk the Centaur Fighter began the quest for the Orb.
     0 | D:1      | Reached XP level 1. HP: 19/19 MP: 1/1
   206 | D:1      | klkl
   267 | D:1      | Reached XP level 2. HP: 10/26 MP: 2/2
  1465 | D:2      | Reached XP level 3. HP: 25/31 MP: 3/3
  1850 | D:3      | HP: 1/31 [poisoned by an adder]
  1853 | D:3      | Succumbed to an adder's poison

Skill      XL: |  1 |
---------------+----+-----
Maces & Flails | 2 |  2.1
Fighting       | |  3.4
Short Blades   | |  0.1
Armour         | |  2.5
Dodging        | |  0.3
Shields        | |  2.4

Action                   || total
-------------------------++-------
Melee: Flail             ||    24
       Kick              ||    27
       Dagger            ||    67
  Use: Potion            ||     1
  Eat: Ration            ||     1
Armor: Scale mail        ||    60
Dodge: Dodged            ||    23
Block: Shield            ||    39
       Large shield      ||    44
